 Dungeon Crawl Stone Soup version 0.26-a0-572-g753d7e3450 (webtiles) character file.

Game seed: 13902311603796197912

58 MrRokkomies the Skirmisher (level 3, -1/35 HPs)
             Began as a Palentonga Fighter on Aug 21, 2020.
             Was a Follower of Nemelex Xobeh.
             Slain by Jessica
             ... wielding a +0 dagger
              (2 damage)
             ... on level 3 of the Dungeon.
             The game lasted 00:02:42 (1958 turns).

MrRokkomies the Skirmisher (Palentonga Fighter)     Turns: 1958, Time: 00:02:43

Health: -1/35      AC:  9    Str: 19    XL:     3   Next: 76%
Magic:  12/12      EV:  6    Int:  8    God:    Nemelex Xobeh [*.....]
Gold:   110        SH:  8    Dex: 10    Spells: 2/2 levels left

rFire    . . .     SeeInvis +   a - +0 war axe
rCold    . . .     Faith    .   c - +0 kite shield
rNeg     . . .     Spirit   .   e - +2 ring mail {MR+}
rPois    .         Reflect  .   (no helmet)
rElec    .         Harm     .   (no cloak)
rCorr    .                      j - +0 pair of gloves
MR       +....                  (no barding)
Stlth    ..........             (no amulet)
HPRegen  0.11/turn              b - ring of magical power
MPRegen  0.13/turn              (no ring)

@: no status effects
A: large, rugged brown scales 3, see invisible, deformed body, roll, armoured
tail
a: Rolling Charge, Draw Escape, Draw Destruction, Draw Summoning, Renounce
Religion


You were on level 3 of the Dungeon.
You worshipped Nemelex Xobeh.
Nemelex Xobeh was aware of your devotion.
You visited 1 branch of the dungeon, and saw 3 of its levels.

You collected 110 gold pieces.

Inventory:

Hand Weapons
 a - a +0 war axe (weapon)
Missiles
 h - 4 boomerangs (quivered)
 r - 2 javelins
Armour
 c - a +0 kite shield (worn)
 e - a +2 ring mail of magic resistance (worn)
 g - a +0 chain mail
 j - a +0 pair of gloves (worn)
Jewellery
 b - a ring of magical power (left hand)
Wands
 q - a wand of random effects (17)
Scrolls
 f - 3 scrolls of identify
 i - a scroll of enchant weapon
 k - 2 scrolls of teleportation {unknown}
 l - a scroll of magic mapping {unknown}
 m - 2 scrolls of amnesia {unknown}
 n - a scroll of remove curse {unknown}
 o - a scroll of immolation {unknown}
Potions
 d - 2 potions of might
 p - 2 potions of curing {unknown}
 s - a potion of magic {unknown}
 t - a potion of degeneration {unknown}
 u - a potion of brilliance {unknown}


   Skills:
 * Level 3.7 Fighting
 * Level 2.9 Axes
 + Level 2.7 Armour
 - Level 2.4 Shields
 + Level 0.6 Invocations


You had 2 spell levels left.
You didn't know any spells.
Your spell library was empty.

Dungeon Overview and Level Annotations

Branches:
Dungeon (3/15)

Altars:
Hepliaklqana
Nemelex Xobeh
Xom

Annotations:
D:3 Jessica


Innate Abilities, Weirdness & Mutations

You are completely covered in rugged brown scales. (AC +3, +7% HP)
You have supernaturally acute eyesight. (SInv)
Armour fits poorly on your strangely shaped body.
You can roll at foes to attack.
You have a long armoured tail.


Message History

The orc hits you with a +0 flail.
Jessica gestures wildly while chanting.
Jessica blinks!
You see here a scroll of identify.
You closely miss the orc. You tail-slap the orc!
You kill the orc!
You hit the orc but do no damage. The orc hits you but does no damage.
Jessica mumbles some strange words.
Jessica blinks!
Found a stone staircase leading down.
Things that are here:
a +0 hand axe; 4 boomerangs The orc hits you but does no damage.
The orc hits you with a +0 flail!
* * * LOW HITPOINT WARNING * * *
You barely miss the orc. You hit the orc. The orc hits you but does no damage.
The orc hits you with a +0 flail.
* * * LOW HITPOINT WARNING * * *
You block the orc's attack. Jessica hits you with a +0 dagger.
You die...
Your body disappears without a glow.

##...........#
#............#
#............#
#.............
#.....)......
#....#......
###g........
#.... .....


You could see Jessica (fast), 2 orcs and a goblin.

Vanquished Creatures
  An adder (D:2)
  3 orcs
  A ball python (D:2)
  6 giant cockroaches
  5 goblins
  7 hobgoblins
  3 jackals (D:2)
  A kobold (D:2)
  7 bats
  A frilled lizard (D:3)
  7 rats
  A butterfly (D:2)
43 creatures vanquished.

Notes
Turn   | Place    | Note
-------+----------+-------------------------------------------
     0 | D:1      | MrRokkomies the Palentonga Fighter began the quest for the
                  | Orb.
     0 | D:1      | Reached XP level 1. HP: 20/20 MP: 1/1
   222 | D:1      | Reached XP level 2. HP: 21/27 MP: 2/2
  1278 | D:2      | Found a faded altar of an unknown god.
  1283 | D:2      | Became a worshipper of Nemelex Xobeh the Trickster
  1283 | D:2      | Received a gift from Nemelex Xobeh
  1283 | D:2      | Reached * piety under Nemelex Xobeh
  1283 | D:2      | Received a gift from Nemelex Xobeh
  1430 | D:2      | Found a hazy altar of Hepliaklqana.
  1466 | D:2      | Found a shimmering altar of Xom.
  1515 | D:2      | Reached XP level 3. HP: 33/33 MP: 3/3
  1769 | D:3      | Noticed Jessica
  1958 | D:3      | HP: 1/35 [orc/+0 flail (6)]
  1958 | D:3      | Slain by Jessica

Illustrated notes

Levels and vault maps discovered:
D:1:      zelgadis_glass_arrival_small, layout_basic
D:2:      layout_basic, xom_butterflies, nicolae_overflow_hidden_temple,
          chequers_ecumenical_altar_lobes, minmay_pentomino_u4
D:3:      layout_rooms, nemelex_xobeh_ov_fountains_minmay,
          gammafunk_ghost_arena, minmay_misc_feat_enclosed, uniq_natasha,
          uniq_jessica

Action                   || total
-------------------------++-------
Melee: War axe           ||   126
       Tailslap          ||     7
 Abil: Rolling Charge    ||     2
Evoke: Wand              ||     1
  Use: Scroll            ||     2
Armor: Scale mail        ||     4
       Chain mail        ||    59
       Ring mail         ||    43
Dodge: Dodged            ||    39
Block: Kite shield       ||    72

Table legend: (Time is in decaauts)
 A = Elapsed time spent in this place.
 B = Non-inter-level travel time spent in this place.
 C = Inter-level travel time spent in this place.
 D = Time resting spent in this place.
 E = Time spent auto-exploring this place.
 F = Levels seen in this place.
 G = Mean time per level.
                   A        B        C        D        E       F      G
               +--------+--------+--------+--------+--------+-----+--------+
         Total |   2014 |   1978 |     36 |    156 |   1445 |   3 |  671.3 |
       Dungeon |   2014 |   1978 |     36 |    156 |   1445 |   3 |  671.3 |
               +--------+--------+--------+--------+--------+-----+--------+

Top non-repeatable levels by time:
     D:2: 1045 daAuts
     D:1: 938 daAuts
     D:3: 30 daAuts
